 Dungeon Crawl Stone Soup version 0.16.1-18-g436b03c (webtiles) character file.

1773 jacksonaction the Transmogrifier (level 9, 0/53 HPs)
             Began as an Octopode Transmuter on Apr 23, 2015.
             Was a Priest of Cheibriados.
             Slain by a centaur (2 damage)
             ... on level 6 of the Dungeon on Apr 24, 2015.
             The game lasted 00:46:08 (8231 turns).

jacksonaction the Transmogrifier (OpTm)             Turns: 8231, Time: 00:46:08

Health: 0/53       AC:  1    Str: 19    XL:     9   Next: 7%
Magic:  11/16      EV: 15    Int: 22    God:    Cheibriados [***...]
Gold:   357        SH:  0    Dex: 20    Spells: 4 memorised, 1 level left

rFire  . . .     SeeInvis .       - Unarmed
rCold  . . .     Clarity  .     (shield currently unavailable)
rNeg   + . .     SustAb   .     (helmet restricted)
rPois  .         Gourm    .     z - amulet of warding
rElec  .         Spirit   .     (no ring)
rCorr  .         Warding  +     (no ring)
rMut   .         Stasis   .     (no ring)
MR     .....                    (no ring)
Stlth  +++.......               (no ring)
                                (no ring)
                                (no ring)
                                (no ring)

@: blade tentacles, very slow, not resistant to hostile enchantments, fairly
stealthy
A: almost no armour, amphibious, 8 rings, constrict 8, camouflage 1, gelatinous
body 1
a: End Transformation, Bend Time, Temporal Distortion, Renounce Religion


You were on level 6 of the Dungeon.
You worshipped Cheibriados.
Cheibriados was most pleased with you.
You were hungry.
You had blades for tentacles.
You visited 1 branch of the dungeon, and saw 6 of its levels.

You collected 357 gold pieces.

Inventory:

Hand weapons
 b - a +0 blowgun
 o - a +1 dagger of venom
 u - a +1 spear of freezing
Missiles
 w - 4 tomahawks (quivered)
 F - 8 poisoned needles
 L - 2 javelins
Armour
 y - a cursed +0 buckler
Jewellery
 m - an uncursed amulet of resist mutation
 z - an amulet of warding (around mantle)
Magical devices
 A - a wand of frost (14)
 C - a wand of lightning (1)
 D - a wand of slowing (11)
 N - a wand of cold (7)
 O - a wand of draining (6)
Scrolls
 e - 2 scrolls of identify {unknown}
 h - a scroll of vulnerability {unknown}
 i - 2 scrolls of teleportation
 l - 2 scrolls of enchant weapon
 n - a scroll of enchant armour {unknown}
 p - a scroll of noise {unknown}
 q - 2 scrolls of remove curse
 t - 2 scrolls of fear {unknown}
 v - a scroll of recharging {unknown}
 B - a scroll of fog {unknown}
 H - 2 scrolls of amnesia {unknown}
 K - a scroll of blinking {unknown}
 P - a scroll of immolation {unknown}
Potions
 f - 2 potions of magic {unknown}
 g - 2 potions of brilliance {unknown}
 j - 2 potions of curing
 k - a potion of beneficial mutation {unknown}
 r - 2 potions of might {unknown}
 s - a potion of cancellation {unknown}
 E - 2 potions of degeneration {unknown}
 I - a potion of ambrosia {unknown}
Books
 c - a book of Clouds

   Spells                             Type                      Level
   a - Mephitic Cloud                 Conjuration/Poison/Air       3
   b - Conjure Flame                  Conjuration/Fire             3
   c - Poisonous Cloud                Conjuration/Poison/Air       6
   d - Freezing Cloud                 Conjuration/Ice/Air          6
   e - Ring of Flames                 Charms/Fire                  7
 d - a book of Changes

   Spells                             Type                      Level
   a - Beastly Appendage              Transmutation                1
   b - Sticks to Snakes               Transmutation                2
   c - Spider Form                    Transmutation/Poison         3
   d - Ice Form                       Ice/Transmutation            4
   e - Blade Hands                    Transmutation                5
 G - a book of Spatial Translocations

   Spells                             Type                      Level
   a - Apportation                    Translocation                1
   b - Blink                          Translocation                2
   c - Shroud of Golubria             Charms/Translocation         2
   d - Portal Projectile              Translocation                3
   e - Teleport Other                 Translocation                3
   f - Passage of Golubria            Translocation                4
 J - a Necronomicon {highlevel, unknown}

   This book is beyond your current level of understanding.

   Spells                             Type                      Level
   a - Haunt                          Necromancy/Summoning         7
   b - Borgnjor's Revivification      Necromancy                   8
   c - Death's Door                   Charms/Necromancy            8
   d - Necromutation                  Transmutation/Necromancy     8
Comestibles
 a - 5 bread rations
 x - 3 meat rations
 M - a royal jelly
 Q - 2 chunks of flesh


   Skills:
 - Level 1.0 Fighting
 - Level 4.0 Dodging
 + Level 4.9 Unarmed Combat
 - Level 2.0 Spellcasting
 - Level 2.0 Translocations
 + Level 8.8 Transmutations
 - Level 5.0 Invocations


You had one spell level left.
You knew the following spells:

 Your Spells              Type           Power        Failure   Level  Hunger
a - Beastly Appendage     Trmt           #####.       12%         1    #......
b - Spider Form           Trmt/Pois      ###.......   45%         3    ###....
c - Blink                 Tloc           N/A          45%         2    ##.....
d - Blade Hands           Trmt           #####.....   50%         5    ######.


Dungeon Overview and Level Annotations

Branches:
Dungeon (6/15)             Temple (0/1) D:6

Altars:
Cheibriados
Gozag
Okawaru
Trog
The Shining One


Innate Abilities, Weirdness & Mutations

You cannot wear most types of armour.
You are amphibious.
You can wear up to eight rings at the same time.
You can use your tentacles to constrict many enemies at once.
Your skin changes colour to match your surroundings (Stealth).
Your rubbery body absorbs attacks (AC +1).


Message History

The centaur hits you.
* * * LOW HITPOINT WARNING * * *
The centaur hits you but does no damage.
Drink which item? (? for menu, Esc to quit)
You feel better. The centaur hits you.
* * * LOW HITPOINT WARNING * * *
Casting: Spider Form
Confirm with . or Enter, or press ? or * to list all spells.
Your tentacles turn into razor-sharp scythe blades.
You are feeling hungry.
The centaur hits you!
* * * LOW HITPOINT WARNING * * *
The centaur completely misses you.
Drink which item? (? for menu, Esc to quit)
You feel better. The centaur hits you!
* * * LOW HITPOINT WARNING * * *
You slice the centaur!!
The centaur is almost dead.
The centaur barely misses you. The centaur hits you.
You die...

# #)#..###.#.###..####.......# #
#.#...##.#.#.#.............# #
#.#.#.##.#...#.............#### #
#.#.#........#................# #
#.#.#..#.....#................# #
#(#.#..#####.#......##........#
###)#.#......#.#......###.#######
..รท.#.##.###.#(#......###.#
..###.........((@...).)...#
).'(..###.##(####c#########
..###...............# ..#
#.........#.#...### ###
#........#.#.#....#
#....(..#.#.#.#...####
#........#.>.#.......###
#.......#.#.#.#...##...#
#.#####..#.#.#....##...#


You could see a centaur.

Vanquished Creatures
  The ghost of thelaststarmaker the Shield-Bearer, an average HOFi (D:5)
  2 ice beasts
  A water moccasin (D:6)
  A phantom (D:4)
  3 centaurs
  3 scorpions (D:4)
  A jelly (D:5)
  A goliath beetle (D:6)
  A crimson imp (D:5)
  A centaur zombie (D:6)
  A centaur skeleton (D:5)
  A giant frog skeleton (D:5)
  An orc priest (D:3)
  5 hounds
  2 orc wizards
  5 worker ants
  A river rat (D:5)
  3 adders
  2 shadow imps
  2 giant mites
  5 worms
  An adder skeleton (D:4)
  3 giant geckos
  12 orcs
  13 bats
  6 giant cockroaches
  15 goblins
  11 hobgoblins
  26 jackals
  3 quokkas
  A ball python (D:2)
  7 giant newts
  11 kobolds
  16 rats
168 creatures vanquished.

Notes
Turn   | Place    | Note
--------------------------------------------------------------
     0 | D:1      | jacksonaction, the Octopode Transmuter, began the quest for the Orb.
     0 | D:1      | Reached XP level 1. HP: 13/13 MP: 3/3
   182 | D:1      | Reached XP level 2. HP: 13/18 MP: 4/4
   818 | D:1      | Reached XP level 3. HP: 21/23 MP: 6/6
   823 | D:1      | Learned a level 3 spell: Spider Form
  1312 | D:2      | Reached skill level 4 in Transmutations
  1312 | D:2      | Reached XP level 4. HP: 24/28 MP: 4/7
  1762 | D:2      | You fall through a shaft for 2 floors!
  1762 | D:4      | Found a bloodstained altar of Trog.
  2036 | D:4      | Reached skill level 5 in Transmutations
  2036 | D:4      | Reached XP level 5. HP: 33/33 MP: 5/9
  2271 | D:3      | Found an iron altar of Okawaru.
  2612 | D:3      | Reached XP level 6. HP: 38/38 MP: 10/10
  2922 | D:2      | Found a snail-covered altar of Cheibriados.
  2946 | D:2      | Became a worshipper of Cheibriados the Contemplative
  2960 | D:2      | Found a glowing golden altar of the Shining One.
  3157 | D:4      | Learned a level 2 spell: Blink
  3280 | D:4      | Reached skill level 1 in Translocations
  3429 | D:4      | Reached skill level 6 in Transmutations
  3718 | D:4      | Reached XP level 7. HP: 28/43 MP: 8/12
  3841 | D:4      | Noticed a phantom
  3868 | D:4      | Acquired Cheibriados' first power
  4270 | D:4      | Killed a phantom
  4270 | D:4      | Reached skill level 1 in Invocations
  4462 | D:5      | Entered Level 5 of the Dungeon
  4537 | D:5      | Noticed thelaststarmaker's ghost (average HOFi)
  4819 | D:5      | Found an opulent altar of Gozag.
  5642 | D:5      | HP: 2/43 [thelaststarmaker's ghost (10)]
  5651 | D:5      | HP: 1/43 [thelaststarmaker's ghost (3)]
  5652 | D:5      | Killed thelaststarmaker's ghost
  5652 | D:5      | Reached skill level 7 in Transmutations
  5652 | D:5      | Reached XP level 8. HP: 1/48 MP: 2/13
  5946 | D:5      | Upgraded the game from 0.16.1-17-g773cdaf to 0.16.1-18-g436b03c
  6329 | D:5      | Learned a level 5 spell: Blade Hands
  6716 | D:5      | Reached skill level 5 in Invocations
  7026 | D:6      | Reached skill level 8 in Transmutations
  7107 | D:6      | Found a staircase to the Ecumenical Temple.
  7481 | D:6      | Acquired Cheibriados' second power
  7882 | D:6      | Reached XP level 9. HP: 48/53 MP: 14/16
  8230 | D:6      | HP: 2/53 [centaur (8)]
  8231 | D:6      | Slain by a centaur

Action                   |  1- 3 |  4- 6 |  7- 9 || total
-------------------------+-------+-------+-------++-------
Melee: Unarmed           |    36 |    53 |   188 ||   277
       Short sword       |    60 |   101 |       ||   161
       Spear             |       |     3 |       ||     3
Throw: Stone             |     1 |       |       ||     1
       Tomahawk          |       |    24 |    81 ||   105
       Javelin           |       |       |     1 ||     1
 Cast: Spider Form       |     2 |     7 |    14 ||    23
       Blink             |       |       |     6 ||     6
       Beastly Appendage |       |       |    10 ||    10
       Blade Hands       |       |       |     3 ||     3
Invok: Bend Time         |       |       |     1 ||     1
Evoke: Wand              |       |       |     2 ||     2
  Use: Scroll            |       |     2 |     3 ||     5
       Potion            |       |     2 |     2 ||     4
 Stab: Sleeping          |     3 |     7 |       ||    10
  Eat: Chunk             |     1 |     8 |     8 ||    17
       Fruit             |       |       |     1 ||     1
       Meat ration       |       |       |     1 ||     1
